 Dungeon Crawl Stone Soup version 0.30.1-4-g462c640d31 (webtiles) character file.

Game seed: 2160146594206733303

2020331 DemonspawnMonk the Demonic Cataclysm (level 27, 210/210 HPs)
             Began as a Demonspawn Monk on Sept 12, 2023.
             Was a High Priest of Qazlal.
             Escaped with the Orb
             ... and 3 runes!
             The game lasted 02:55:20 (49771 turns).

DemonspawnMonk the Demonic Cataclysm (DsMo)        Turns: 49771, Time: 02:55:21

Health: 210/210    AC: 29    Str: 21    XL:     27
Magic:  35/35      EV: 29    Int: 21    God:    Qazlal [*****.]
Gold:   4653       SH: 11    Dex: 29    Spells: 11/50 levels left

rFire   + + +        a - +9 staff of Olgreb {rPois∞}
rCold   + + .        (no shield)
rNeg    . . .        E - +4 troll leather armour
rPois   ∞            (helmet unavailable)
rElec   +            x - +2 cloak of a Labyrinth {Str+2 Dex+5}
rCorr   +            H - +2 pair of gloves {Dex+3}
SInv    +            w - +2 pair of boots {Fly}
Will    +++++        V - amulet of Resumed Hostilities {RegenMP rF+++ Regen+ Str-2 Int-3}
Stlth   +            J - ring of Pyfuis {rElec rC+ Int+6}
HPRegen 2.15/turn    u - ring of Baloidiox {rF+ Will+++ Str+7}
MPRegen 0.88/turn

%: repel missiles, guardian spirit
@: flying, studying Throwing
A: antennae 3, yellow scales 3, icemail 2, magic shield, magic regeneration,
magic link, black mark, condensation shield, bedeviling, aura of silence, cold
resistance 1, low MP 1, MP-powered wands
0: Orb of Zot
}: 3/15 runes: barnacled, silver, gossamer
a: Renounce Religion, Evoke the Staff of Olgreb, Upheaval, Elemental Force,
Disaster Area


You escaped.
You worshipped Qazlal.
Qazlal was extremely pleased with you.
You visited 9 branches of the dungeon, and saw 47 of its levels.
You also visited: Trove, Bailey, Gauntlet and Desolation.

You collected 9657 gold pieces.
You spent 5004 gold pieces at shops.

Inventory:

Hand Weapons
 a - the +9 staff of Olgreb (weapon) {rPois∞}
   (You found it on level 7 of the Dungeon)

   It enhances your poison magic.
   It grants immunity to poison.
   It can be activated via the 'a'bility menu to radiate toxic energy, with
   effectiveness depending on Evocations skill.
 b - the +6 arbalest "Damnation" {damnation}
   (You took it off a vault guard on level 5 of the Vaults)
 d - the +7 Spriggan's Knife {stab, EV+4 Stlth+}
   (You took it off a vault guard on level 5 of the Vaults)

   Stab:      It is more effective when stabbing unaware enemies, sometimes
   treating them as though they were completely helpless.
   EV:        It affects your evasion (+4).
   Stlth:     It makes you more stealthy.
 k - a +9 quick blade of flaming
 S - the +11 demon whip of Truth {speed, Dex+3}
   (You found it in a Gauntlet)

   Dex:       It affects your dexterity (+3).
Missiles
 y - 10 boomerangs
 z - 9 throwing nets
 L - 20 curare-tipped darts
 U - 17 silver javelins (quivered)
Armour
 w - a +2 pair of boots of flying (worn)
 x - the +2 cloak of a Labyrinth (worn) {Str+2 Dex+5}
   (You bought it in a shop on level 2 of the Orcish Mines)

   Str:       It affects your strength (+2).
   Dex:       It affects your dexterity (+5).
 E - a +4 troll leather armour (worn)
 H - a +2 pair of gloves of dexterity (worn)
Jewellery
 j - a +5 ring of evasion
 u - the ring of Baloidiox (right hand) {rF+ Will+++ Str+7}
   (You found it in a treasure trove)

   [ring of protection from fire]

   Str:       It affects your strength (+7).
   rF:        It protects you from fire.
   Will:      It greatly increases your willpower.
 J - the ring of Pyfuis (left hand) {rElec rC+ Int+6}
   (You found it on level 2 of the Depths)

   [ring of intelligence]

   Int:       It affects your intelligence (+6).
   rC:        It protects you from cold.
   rElec:     It insulates you from electricity.
 P - a +4 ring of slaying
 V - the amulet of Resumed Hostilities (around neck) {RegenMP rF+++ Regen+ Str-2 Int-3}
   (You bought it in a shop on level 6 of the Dungeon)

   [amulet of magic regeneration]

   It increases your rate of magic regeneration.
   Str:       It affects your strength (-2).
   Int:       It affects your intelligence (-3).
   rF:        It renders you almost immune to fire.
   Regen:     It increases your rate of health regeneration.
Wands
 g - a wand of digging (26)
 m - a wand of light (28)
 t - a wand of mindburst (40)
 C - a wand of roots (73)
 G - a wand of flame (82)
 Y - a wand of paralysis (26)
 Z - a wand of polymorph (1)
Scrolls
 o - 6 scrolls of fear
 r - 13 scrolls of fog
 D - 5 scrolls of vulnerability
 M - 15 scrolls of teleportation
 Q - 4 scrolls of poison
 R - 8 scrolls of blinking
 X - 6 scrolls of immolation
Potions
 c - 7 potions of ambrosia
 e - 6 potions of lignification
 f - 7 potions of invisibility
 h - 19 potions of curing
 i - 3 potions of flight
 l - 3 potions of magic
 n - 11 potions of heal wounds
 p - 14 potions of might
 q - 2 potions of resistance
 s - a potion of cancellation
 A - 4 potions of mutation
 B - 6 potions of brilliance
 T - 4 potions of haste
Miscellaneous
 F - a condenser vane
 K - a lightning rod (4/4)
 O - a phial of floods
 W - a phantom mirror


   Skills:
 - Level 16.0 Fighting
 - Level 7.4(8.0) Short Blades
 - Level 4.1(6.3) Long Blades
 - Level 12.0(12.6) Maces & Flails
 - Level 6.4(10.1) Staves
 * Level 15.4 Ranged Weapons
 - Level 16.0 Throwing
 - Level 16.0 Dodging
 - Level 12.0 Spellcasting
 - Level 10.0 Conjurations
 - Level 10.0 Summonings
 - Level 10.0 Necromancy
 - Level 6.0 Translocations
 - Level 6.0 Transmutations
 - Level 10.0 Ice Magic
 - Level 10.0 Air Magic
 - Level 10.0 Earth Magic
 - Level 16.0 Invocations
 - Level 12.0 Evocations


You had 11 spell levels left.
You knew the following spells:

 Your Spells              Type           Power      Damage    Failure   Level
a - Vampiric Draining     Necr           53%        2d9       1%          3
b - Agony                 Necr           53%        N/A       2%          5
c - Summon Lightning Spi  Summ/Air       53%        N/A       1%          4
d - Freezing Cloud        Conj/Ice/Air   26%        6-21      2%          5
e - Borgnjor's Vile Clut  Necr/Erth      26%        N/A       2%          5
x - Apportation           Tloc           74%        N/A       1%          1
A - Animate Dead          Necr           53%        N/A       1%          4
C - Ozocubu's Armour      Ice            53%        N/A       1%          3
E - Passwall              Tmut/Erth      38%        N/A       1%          2
M - Wereblood             Tmut           37%        N/A       1%          2
Q - Blink                 Tloc           74%        N/A       1%          2
U - Swiftness             Air            53%        N/A       1%          3

Your spell library contained the following spells:

 Spells                   Type           Power      Damage    Failure   Level
 Foxfire                  Conj/Fire      100%       2x1d9     1%          1
 Freeze                   Ice            100%       1d10      1%          1
 Necrotise                Necr           100%       1d9       1%          1
 Shock                    Conj/Air       100%       1d9       1%          1
 Sting                    Tmut/Pois      100%       1d8       1%          1
 Summon Small Mammal      Summ           100%       N/A       1%          1
 Cigotuvi's Dreadful Rot  Necr/Pois/Air  100%       N/A       1%          2
 Lesser Beckoning         Tloc           74%        N/A       1%          2
 Momentum Strike          Conj/Tloc      92%        3d10      1%          2
 Poisonous Vapours        Pois/Air       100%       N/A       1%          2
 Static Discharge         Conj/Air       100%       2-7/arc   1%          2
 Call Canine Familiar     Summ           53%        N/A       1%          3
 Frozen Ramparts          Ice            100%       1d16      1%          3
 Hailstorm                Conj/Ice       53%        3d12      1%          3
 Mephitic Cloud           Conj/Pois/Air  57%        N/A       1%          3
 Vhi's Electric Charge    Tloc/Air       92%        N/A       1%          3
 Airstrike                Air            26%        2d(4-20)  1%          4
 Animate Armour           Summ/Erth      100%       N/A       1%          4
 Dispel Undead            Necr           53%        3d19      1%          4
 Summon Ice Beast         Ice/Summ       53%        N/A       1%          4
 Summon Guardian Golem    Hex/Summ       50%        N/A       2%          3
 Ice Form                 Ice/Tmut       46%        N/A       2%          4
 Iskenderun's Mystic Bla  Conj/Tloc      46%        2d10      2%          4
 Petrify                  Tmut/Erth      46%        N/A       2%          4
 Arcjolt                  Conj/Air       26%        1d36      2%          5
 Lee's Rapid Deconstruct  Erth           26%        3d14*     2%          5
 Manifold Assault         Tloc           37%        N/A       4%          4
 Portal Projectile        Hex/Tloc       74%        N/A       5%          3
 Volatile Blastmotes      Fire/Tloc      50%        2d14      5%          3
 Slow                     Hex            72%        N/A       6%          1
 Irradiate                Conj/Tmut      23%        3d19      6%          5
 Ignite Poison            Fire/Tmut/Pois 31%        N/A       8%          3
 Anguish                  Hex/Necr       25%        N/A       8%          4
 Flame Wave               Conj/Fire      33%        2d10      8%          4
 Fulminant Prism          Conj/Hex       25%        3d14      8%          4
 Leda's Liquefaction      Hex/Erth       25%        N/A       8%          4
 Scorch                   Fire           24%        2d6       9%          2
 Blade Hands              Tmut           18%        N/A       14%         5
 Death Channel            Necr           26%        N/A       16%         6
 Iron Shot                Conj/Erth      26%        9d6       16%         6
 Simulacrum               Ice/Necr       26%        N/A       16%         6
 Confusing Touch          Hex            18%        N/A       19%         3
 Tukima's Dance           Hex            18%        N/A       19%         3
 Fireball                 Conj/Fire      16%        3d8       22%         5
 Metabolic Englaciation   Hex/Ice        25%        N/A       22%         5
 Summon Mana Viper        Hex/Summ       50%        N/A       22%         5
 Statue Form              Tmut/Erth      30%        N/A       34%         6
 Alistair's Intoxication  Tmut/Pois      24%        N/A       43%         5
 Olgreb's Toxic Radiance  Pois           18%        N/A       52%         4
 Haunt                    Necr/Summ      26%        N/A       63%         7
 Monstrous Menagerie      Summ           26%        N/A       63%         7
 Orb of Destruction       Conj           26%        9d9       63%         7
 Ozocubu's Refrigeration  Ice            26%        4d13      63%         7
 Spellforged Servitor     Conj/Summ      26%        N/A       63%         7
 Plasma Beam              Fire/Air       16%        2x1d30    75%         6
 Starburst                Conj/Fire      16%        6d6       75%         6
 Malign Gateway           Summ/Tloc      23%        N/A       88%         7
 Storm Form               Tmut/Air       23%        N/A       88%         7
 Eringya's Noxious Bog    Tmut/Pois      18%        N/A       95%         6
 Dragon Form              Tmut           18%        N/A       99%         7
 Borgnjor's Revivificati  Necr           26%        N/A       100%        8
 Infestation              Necr           26%        N/A       100%        8
 Maxwell's Capacitive Co  Air            26%        ∞         100%        8
 Summon Horrible Things   Summ           26%        N/A       100%        8


Dungeon Overview and Level Annotations

Branches:
Dungeon (15/15)            Temple (0/1) D:5            Lair (5/5) D:10
 Shoals (4/4) Lair:2       Spider (4/4) Lair:3        Slime (0/5) Lair:5
    Orc (2/2) D:12            Elf (3/3) Orc:2        Vaults (5/5) D:14
  Crypt (0/3) Vaults:3     Depths (4/4) D:15            Zot (5/5) Depths:4
 Bailey (visited)         Desolation (visited)      Gauntlet (visited)

Altars:
Ashenzari
Cheibriados
Fedhas
Hepliaklqana
Kikubaaqudgha
Makhleb
Qazlal
Ru
Trog
Uskayaw
Vehumet
Wu Jian
Yredelemnul
Jiyva

Shops:
D:6 =*   D:7 *   D:10 *:   D:14 (   Orc:1 =   Orc:2 ([(*(   Elf:3 ([*
Shoals:4 :[   Depths:2 :

Portals:
Hell: Depths:1 Depths:2 Depths:3 Depths:4
Abyss: Depths:3
Pandemonium: Depths:2
Ziggurat: Depths:1

Annotations:
D:7 1 runed translucent door
Lair:2 exclusion: oklob plant
Shoals:1 3 runed translucent doors, Pyropingo's ghost, journeyman MiBe
Elf:1 exclusion: orange crystal statue
Elf:2 3 runed translucent doors
Depths:3 2 transporters
Depths:4 exclusions: 3 draconian stormcallers and 1 more exclusion


Innate Abilities, Weirdness & Mutations

You have a pair of large antennae on your head. (SInv)
You are completely covered in yellow scales. (AC +4, rCorr)
A meltable icy envelope protects you from harm. (AC +8)
When hurt, damage is shared between your health and your magic reserves.
You regenerate magic rapidly.
When low on magic, you restore magic in place of health.
Your melee attacks may debilitate your foes.
A meltable shield of frost defends you. (SH +4)
Your hexes are more powerful.
You are surrounded by an aura of silence.
Your flesh is cold resistant. (rC+)
Your magical capacity is low. (-10% MP)
You expend magic power (3 MP) to strengthen your wands.


Message History

Confirm with . or Enter, or press ? or * to list all spells.
Aiming: Passwall (safe; 1% risk of failure)
Press: ? - help, Dir - move target A rock wall.
This square is shrouded in silence and is covered in magical glow.
You begin to meditate on the wall.
You continue meditating on the rock.
Magic restored.
You continue meditating on the rock.
You finish merging with the rock.
There is a staircase leading out of the dungeon here.
Okay, then.
As you read the scroll of butterflies, it crumbles to dust.
You hear the flapping of tiny wings.
As you read the scroll of butterflies, it crumbles to dust.
You hear the flapping of tiny wings.
Your butterfly is knocked back by the sudden gust. x7
Your butterfly is engulfed in a thunderstorm.
You kill your butterfly!
Your butterfly disappears in a burst of colours!
Your butterfly is engulfed in freezing vapours.
You kill your butterfly!
Your butterfly disappears in a burst of colours!
Your butterfly is engulfed in a thunderstorm.
You kill your butterfly!
Your butterfly disappears in a burst of colours!
Unknown command.
Okay, then.
Your butterfly is engulfed in a thunderstorm.
You kill your butterfly!
Your butterfly disappears in a burst of colours!
Your butterfly is engulfed in a thunderstorm.
You kill your butterfly!
Your butterfly disappears in a burst of colours!
Your butterfly is engulfed in freezing vapours.
You kill your butterfly!
Your butterfly disappears in a burst of colours!
Your butterfly is engulfed in a thunderstorm.
You kill your butterfly!
Your butterfly disappears in a burst of colours!
You have escaped!

#...).......# #...# #.
########.#+####...######+
#.#.##............
#...##.#########..
###.##.#..........
#..#.#.#....#...
#..#.#.#....#...
######....#.#........
#~~.@#.##.#.#######..
#P~.§#.##............
#P♣§b#.##{......####.
#~bb♣#.##.#...#....#.
###♣bb{#.##.###........
#.'.b~♣#.##............
#.#~.~P#.######........
#.#~.P~#.# #........
#.##+###.######........


There were no monsters in sight!

Vanquished Creatures
  3 dread liches (Zot:5)
  3 ancient liches
  6 orbs of fire (Zot:5)
  Mara (Spider:2)
  4 Killer Klowns (Zot:5)
  A curse toe (Zot:3)
  3 caustic shrikes
  Nikola (Elf:2)
  5 golden dragons
  Arachne (Spider:4)
  2 electric golems (Zot:5)
  Zenata (Vaults:3)
  4 tentacled monstrosities
  3 liches
  Asterion (Spider:1)
  4 titans (Vaults:5)
  Rupert (Lair:4)
  2 deep elf blademasters (Elf:3)
  23 Orb Guardians
  2 deep elf master archers (Elf:3)
  7 quicksilver dragons
  A kraken (Shoals:2)
  2 death cobs
  A tengu reaver (Depths:1)
  3 shadow dragons
  2 sphinxes
  A draconian monk (Zot:4)
  Gastronok (D:8)
  4 storm dragons
  5 fire giants
  12 deep elf sorcerers
  7 ghost moths
  A balrug (Depths:3)
  3 frost giants
  The ghost of Rem the Black Belt, an adept OpTm of Hepliaklqana (Shoals:3)
  13 vault wardens
  4 emperor scorpions
  4 orc warlords
  20 ironbound preservers
  2 deep elf elementalists (Elf:3)
  A caustic shrike zombie (D:15)
  Aizul (Spider:1)
  A draconian annihilator (Depths:4)
  2 broodmothers (Spider:3)
  A draconian stormcaller (Zot:5)
  A juggernaut skeleton (D:15)
  2 war gargoyles (Vaults:4)
  9 very ugly things
  13 stone giants
  6 deep elf demonologists (Elf:3)
  5 green draconians
  An ophan (Depths:1)
  An apis (Depths:1)
  10 ironbound thunderhulks
  4 deep elf annihilators
  5 black draconians
  A red draconian (Zot:1)
  2 purple draconians (Zot:5)
  A minotaur (Gauntlet)
  2 white draconians
  11 dire elephants
  13 spark wasps
  2 yellow draconians
  Arachne zombie (Spider:4)
  A crystal guardian (Vaults:4)
  A pearl dragon zombie (Depths:1)
  2 deep elf death magi (Elf:3)
  8 merfolk impalers
  3 merfolk javelineers (Shoals:4)
  18 ettins
  4 very ugly thing zombies
  8 entropy weavers
  3 fire dragons (Depths:4)
  A great orb of eyes (Vaults:3)
  12 yaktaur captains
  A quicksilver dragon zombie (Depths:1)
  3 ragged hierophants (Desolation)
  5 deep elf high priests
  An ice dragon (Depths:2)
  A rakshasa (Depths:1)
  29 vault guards
  3 hydras
  2 servants of whispers (Desolation)
  2 Orb Guardian zombies (Zot:5)
  2 radroaches
  10 ironbound frosthearts
  2 catoblepae
  2 merfolk aquamancers
  19 two-headed ogres
  A hell beast (Depths:1)
  2 spriggan air magi (Depths:2)
  4 merfolk avatars
  5 peacekeepers
  An alligator snapping turtle (Shoals:4)
  6 boulder beetles
  3 satyrs
  3 jorogumos (Spider:3)
  The ghost of Shake04 the Carver, a journeyman GrFi of Cheibriados (D:10)
  2 ogre magi (Vaults:5)
  A death knight (D:14)
  12 centaur warriors
  An alligator (Lair:4)
  20 dancing weapons
  10 deep troll earth magi
  A vampire mage (Depths:3)
  4 death yaks
  7 tengu warriors
  13 deep troll shamans
  3 hell hogs (Depths:1)
  16 deep elf knights
  A titan skeleton (D:15)
  4 spriggan berserkers (Depths:2)
  2 orc high priests (Elf:3)
  2 soul eaters (Depths:1)
  An emperor scorpion zombie (Spider:4)
  A storm dragon zombie (Depths:4)
  12 iron trolls
  A sun demon (D:15)
  8 hell knights
  3 skeletal warriors
  4 pharaoh ants
  2 sun moths
  8 skysharks
  A spark wasp zombie (Spider:2)
  12 sea snakes
  2 golden dragon zombies
  76 deep trolls
  9 orb spiders
  2 flayed ghosts
  3 glowing orange brains
  2 ghost moth zombies
  2 phantasmal warriors
  A swamp dragon (shapeshifter) (D:15)
  3 steelbarb worms
  30 ironbound convokers
  16 harpies
  16 deep elf archers
  Pikel (D:6)
  5 ugly thing zombies
  35 deep elf pyromancers
  36 deep elf zephyrmancers
  5 wolf spider zombies
  6 necromancers
  15 lindwurms
  9 orc knights
  13 wizards
  An obsidian statue (Zot:5)
  A broodmother zombie (Spider:3)
  21 wolf spiders
  3 stone giant zombies
  A frost giant zombie (D:15)
  A fire giant zombie (Vaults:5)
  A jorogumo zombie (Spider:3)
  23 ugly things
  8 cyclopes
  10 manticores
  3 orc sorcerers
  3 salamanders (Depths:3)
  A salamander (shapeshifter) (D:14)
  7 fauns
  The ghost of turdburglar the Ruffian, a novice TrFi of Okawaru (D:5)
  3 moths of wrath
  9 elephants
  20 vault sentinels
  9 demonic crawlers
  A guardian serpent (shapeshifter) (Elf:1)
  3 guardian serpents (Desolation)
  2 dire elephant zombies
  A molten gargoyle (Desolation)
  A black mamba (shapeshifter) (D:15)
  8 black mambas
  9 merfolk sirens
  5 centaur zombies
  A torpor snail (Spider:3)
  2 rust devils (D:15)
  Joseph (D:7)
  8 water nymphs
  12 cane toads
  6 smoke demons (Depths:1)
  A catoblepas zombie (Lair:5)
  2 gargoyles (D:14)
  4 death yak zombies (Lair:5)
  A swamp worm zombie (Gauntlet)
  A hellion (Depths:1)
  2 unseen horrors
  A black draconian zombie (Zot:5)
  A yellow draconian zombie (Zot:5)
  4 sea snake zombies
  A kobold demonologist (D:10)
  2 ice devils (D:15)
  39 yaktaurs
  3 rime drakes
  Maggie (D:7)
  An efreet (D:15)
  7 tengu conjurers
  9 komodo dragons
  A human skeleton (Vaults:5)
  An iron troll zombie (Depths:4)
  A freezing wraith (Vaults:5)
  7 redback zombies
  A red devil (D:15)
  5 spriggan zombies
  2 hydra zombies (Lair:5)
  4 orb spider zombies
  8 harpy zombies
  28 merfolk
  A yaktaur skeleton (Vaults:5)
  9 trolls
  4 demonic crawler zombies
  A polar bear (Lair:1)
  A hellwing (D:15)
  A meliai (shapeshifter) (D:15)
  A tyrant leech (Gauntlet)
  A wind drake (Shoals:4)
  6 hornets
  A sun moth zombie (Spider:4)
  30 tarantellas
  7 culicivora zombies
  4 ettin zombies
  11 blink frogs
  2 moth of wrath zombies
  A boulder beetle zombie (D:14)
  2 radroach zombies
  A dream sheep (shapeshifter) (D:14)
  36 saltlings (Desolation)
  11 tarantella zombies
  38 slime creatures
  10 jumping spider zombies
  9 dream sheep
  10 snapping turtles
  27 culicivoras
  28 jumping spiders
  Sigmund (D:5)
  4 centaur simulacra
  2 vampires
  4 air elementals
  2 shadows (D:12)
  3 black mamba zombies
  9 slime creature zombies
  3 wraiths
  16 yaks
  A yak (shapeshifter) (D:14)
  3 wyverns
  6 water elementals
  3 neqoxecs (D:10)
  28 redbacks
  A golden eye (D:3)
  5 fire elementals
  A redback (shapeshifter) (Elf:2)
  13 vampire mosquitoes
  48 deep troll zombies
  4 steam dragons
  A faun zombie (Shoals:2)
  26 human zombies
  4 swamp worms (Gauntlet)
  A glowing shapeshifter skeleton (Vaults:2)
  2 wargs
  18 water moccasins
  2 skyshark zombies
  A cane toad zombie (Lair:5)
  4 entropy weaver zombies
  An ogre skeleton (Vaults:2)
  A floating eye (Depths:2)
  2 two-headed ogre zombies (D:11)
  A meliai simulacrum (Gauntlet)
  5 sky beasts
  4 black bears
  3 ice beasts
  3 manticore zombies
  4 blink frog zombies (Lair:5)
  12 elf zombies
  An elephant zombie (Lair:5)
  2 lindwurm zombies
  23 ogres
  4 snapping turtle zombies
  7 dream sheep zombies
  64 orc warriors
  2 wolves (Lair:5)
  5 centaurs
  21 merfolk zombies
  2 vampire mosquito zombies
  9 boggarts
  A komodo dragon zombie (Lair:4)
  2 lemures (D:5)
  2 kobold brigands (D:8)
  12 bullfrogs
  2 gnoll sergeants
  12 scorpions
  16 yaktaur zombies
  A glowing shapeshifter simulacrum (Vaults:4)
  3 earth elementals
  A hornet simulacrum (Gauntlet)
  9 wights
  4 tengu zombies
  26 killer bees
  9 yak zombies
  2 howler monkeys
  An electric eel (D:11)
  A bullfrog zombie (Lair:4)
  2 quasits (D:10)
  2 jellies
  A basilisk zombie (D:14)
  2 gnoll boudas
  19 orc priests
  3 hounds
  5 iguanas
  26 orc wizards
  6 ogre zombies
  A sky beast zombie (Depths:3)
  10 adders
  20 gnolls
  A river rat (Lair:3)
  A white imp (D:5)
  2 ufetubi
  5 dart slugs
  99 orcs
  9 bats
  5 endoplasms
  3 giant cockroaches
  22 goblins
  14 hobgoblins
  2 jackals (D:2)
  6 quokkas
  7 ball pythons
  4 frilled lizards
  13 kobolds
  2 orc zombies (Vaults:5)
  7 rats
  2 tentacles (Shoals:2)
2243 creatures vanquished.

Vanquished Creatures (collateral kills)
  A juggernaut (Depths:4)
  Saint Roka (Vaults:4)
  A golden dragon (Zot:5)
  A pearl dragon (Depths:1)
  A tentacled monstrosity (Vaults:5)
  4 Orb Guardians (Zot:5)
  A titan (Vaults:5)
  2 fire giants
  3 frost giants
  3 vault wardens
  2 balrugs
  4 very ugly things
  A broodmother (shapeshifter) (Vaults:5)
  A draconian annihilator (Zot:5)
  A deep elf demonologist (Vaults:5)
  6 ironbound preservers
  A white draconian (Depths:4)
  A deep elf annihilator (Vaults:5)
  A black draconian (Zot:4)
  A red draconian (Zot:5)
  2 dire elephants
  A spark wasp (Depths:1)
  2 merfolk impalers (Shoals:4)
  2 yaktaur captains
  A fire dragon (Depths:2)
  3 spriggan air magi
  6 vault guards
  An ogre mage (Vaults:5)
  An ironbound frostheart (Vaults:1)
  3 radroaches
  Erolcha (D:11)
  A centaur warrior (Vaults:1)
  3 merfolk avatars
  A satyr (Shoals:3)
  2 dancing weapons
  A death yak (Lair:5)
  2 deep troll earth magi (Depths:2)
  A tengu warrior (Depths:4)
  4 deep troll shamans
  4 hell knights
  6 iron trolls
  24 deep trolls
  5 orb spiders
  2 wizards
  2 ironbound convokers
  A steelbarb worm (Spider:3)
  A necromancer (Vaults:5)
  11 harpies
  6 ugly things
  A deep elf zephyrmancer (Elf:1)
  A manticore (Lair:5)
  An orc knight (Vaults:5)
  4 wolf spiders
  2 cyclopes
  2 moths of wrath
  2 fauns
  A salamander (shapeshifter) (D:14)
  2 elephants (Lair:5)
  A merfolk siren (Shoals:1)
  A vault sentinel (Vaults:4)
  2 torpor snails
  3 demonic crawlers
  A black mamba (Lair:5)
  2 smoke demons (Depths:1)
  2 cane toads (Lair:5)
  4 yaktaurs
  A komodo dragon (Lair:5)
  A rime drake (Lair:5)
  A tengu conjurer (D:14)
  A demonic crawler zombie (Spider:2)
  A troll (Vaults:5)
  5 merfolk
  2 blink frogs (Lair:5)
  A wind drake (Shoals:4)
  3 dream sheep
  2 tarantellas (Spider:3)
  A jumping spider zombie (Spider:2)
  A stone giant simulacrum (Vaults:5)
  5 slime creatures
  5 jumping spiders
  5 culicivoras
  6 yaks
  A water elemental (Depths:4)
  A basilisk (D:14)
  A neqoxec (D:15)
  14 redbacks
  2 water moccasins
  A wolf (Lair:5)
  An ogre (D:11)
  A boggart (Vaults:1)
  An ogre simulacrum (Vaults:4)
  An orc (Vaults:5)
234 creatures vanquished.

Vanquished Creatures (others)
  A Killer Klown zombie (Zot:5)
  An ironbound thunderhulk (Vaults:2)
  2 very ugly thing zombies (Vaults:1)
  A fire dragon (Depths:4)
  A quicksilver dragon zombie (Zot:5)
  A yaktaur captain (Vaults:5)
  An ice dragon (Depths:4)
  A dancing weapon (Elf:1)
  5 Orb Guardian zombies (Zot:5)
  A deep troll earth mage (Vaults:5)
  A golden dragon zombie (Vaults:5)
  A ghost moth zombie (Zot:5)
  A deep elf archer (Elf:1)
  A spark wasp zombie (Depths:1)
  An orb spider (Spider:4)
  2 wolf spider zombies
  An ironbound convoker (Desolation)
  A sphinx zombie (Vaults:3)
  4 ugly thing zombies
  A fire giant zombie (Depths:2)
  2 deep elf zephyrmancers
  A wizard (D:6)
  7 stone giant zombies
  A frost giant zombie (Vaults:5)
  A guardian serpent (Desolation)
  2 dire elephant zombies (Vaults:2)
  A green draconian zombie (Zot:5)
  A spriggan zombie (Depths:2)
  A red draconian zombie (Zot:5)
  A black draconian zombie (Zot:5)
  A sea snake zombie (Shoals:4)
  35 human zombies
  2 orb spider zombies
  8 redback zombies
  A yellow draconian zombie (Zot:4)
  A steelbarb worm zombie (Spider:3)
  A swamp worm zombie (Gauntlet)
  A tengu conjurer (Depths:1)
  4 iron troll zombies
  4 harpy zombies
  6 tarantella zombies
  A boulder beetle zombie (Spider:3)
  2 jumping spider zombies (Spider:3)
  A moth of wrath zombie (Zot:4)
  2 saltlings (Desolation)
  2 guardian serpent zombies (Desolation)
  2 ettin zombies (Vaults:5)
  7 culicivora zombies
  2 fire dragon zombies (Depths:4)
  2 satyr zombies (Shoals:3)
  A meliai zombie (D:15)
  A black mamba zombie (Lair:4)
  An air elemental (Elf:1)
  3 slime creature zombies (Vaults:1)
  2 redbacks
  A water nymph zombie (Shoals:2)
  33 deep troll zombies
  2 faun zombies
  3 elf zombies
  9 two-headed ogre zombies
  A skyshark zombie (Lair:5)
  2 entropy weaver zombies
  A snapping turtle zombie (Shoals:4)
  7 merfolk zombies
  A blink frog zombie (Lair:5)
  2 lindwurm zombies (Vaults:2)
  A rime drake zombie (Lair:5)
  7 yaktaur zombies
  A water moccasin zombie (Lair:4)
  A warg zombie (Vaults:4)
  A yak zombie (Lair:5)
  5 tengu zombies (Depths:1)
  A troll zombie (Vaults:5)
  2 wolf zombies (Lair:5)
  3 centaur zombies
  2 bullfrog zombies (Lair:4)
  2 boggart zombies
  2 ogre zombies
  A gnoll (D:8)
  13 orc zombies
  5 tentacles (Shoals:2)
249 creatures vanquished.

Grand Total: 2726 creatures vanquished

Notes
Turn   | Place    | Note
-------+----------+-------------------------------------------
     0 | D:1      | DemonspawnMonk the Demonspawn Monk began the quest for the
                  | Orb.
     0 | D:1      | Reached XP level 1. HP: 18/18 MP: 1/1
   137 | D:1      | Gained mutation: A meltable shield of frost defends you.
                  | (SH +4) [demonic ancestry]
   137 | D:1      | Reached XP level 2. HP: 23/24 MP: 2/2
   427 | D:1      | Gained mutation: You are partially covered in yellow
                  | scales. (AC +2) [demonic ancestry]
   427 | D:1      | Reached XP level 3. HP: 25/29 MP: 3/3
  1160 | D:2      | Found a stormy altar of Qazlal.
  1176 | D:2      | Became a worshipper of Qazlal Stormbringer
  1176 | D:2      | Reached * piety under Qazlal
  1176 | D:2      | Reached ** piety under Qazlal
  1484 | D:2      | Reached skill level 1 in Invocations
  1651 | D:3      | Reached XP level 4. HP: 26/35 MP: 5/5
  1732 | D:3      | Found a blossoming altar of Fedhas.
  1847 | D:3      | Found a broken altar of Ashenzari.
  2412 | D:4      | Noticed a scorpion
  2416 | D:4      | Killed a scorpion
  2417 | D:4      | Reached XP level 5. HP: 41/41 MP: 5/8
  2453 | D:4      | Noticed an ogre
  2458 | D:4      | Killed an ogre
  2459 | D:4      | Reached skill level 5 in Invocations
  2520 | D:4      | Reached XP level 6. HP: 30/47 MP: 10/10
  3121 | D:5      | Entered Level 5 of the Dungeon
  3121 | D:5      | Noticed turdburglar's ghost (novice TrFi)
  3121 | D:5      | Found a runed translucent door.
  3125 | D:5      | Noticed Sigmund
  3130 | D:5      | Killed Sigmund
  3131 | D:5      | Reached skill level 1 in Short Blades
  3131 | D:5      | Reached XP level 7. HP: 52/52 MP: 5/13
  3435 | D:5      | Found a hazy altar of Hepliaklqana.
  3659 | D:5      | Reached skill level 5 in Short Blades
  3697 | D:5      | Found a staircase to the Ecumenical Temple.
  3761 | D:5      | Found a snail-covered altar of Cheibriados.
  4198 | D:5      | Gained mutation: You have a pair of small antennae on your
                  | head. [demonic ancestry]
  4198 | D:5      | Reached XP level 8. HP: 58/58 MP: 14/14
  4250 | D:6      | Found Mots's Jewellery Boutique.
  4432 | D:6      | Noticed Pikel
  4548 | D:6      | Killed Pikel
  4647 | D:6      | Found Eonkuaf's Eclectic Emporium.
  4685 | D:6      | Gained mutation: You have a pair of antennae on your head.
                  | [demonic ancestry]
  4685 | D:6      | Reached XP level 9. HP: 45/63 MP: 15/15
  4691 | D:6      | Reached skill level 5 in Dodging
  4946 | D:6      | Found a bloodstained altar of Trog.
  5326 | D:6      | Found a hide-covered altar of Uskayaw.
  5326 | D:6      | Noticed a +0 dagger
  5326 | D:6      | Noticed a +0 falchion
  5326 | D:6      | Noticed a +0 short sword
  5327 | D:6      | Noticed a +0 falchion
  5327 | D:6      | Noticed a +0 spear
  5328 | D:6      | Noticed a +0 short sword
  5334 | D:6      | Noticed a +0 dagger
  5351 | D:6      | Noticed a +0 spear
  5423 | D:6      | Noticed a wizard
  5429 | D:6      | Killed a wizard
  5510 | D:7      | Noticed Maggie
  5551 | D:7      | Found Bewufaq's Elemental Accessories.
  5558 | D:7      | Bought a wand of flame (7) for 68 gold pieces
  5570 | D:7      | Noticed Joseph
  5574 | D:7      | Killed Joseph
  5718 | D:6      | Bought a scroll of enchant armour for 105 gold pieces
  5718 | D:6      | Bought a scroll of enchant weapon for 105 gold pieces
  5927 | D:7      | Found the +9 staff of Olgreb {rPois∞}
  5932 | D:7      | Found a runed translucent door.
  5997 | D:7      | Found a runed translucent gate.
  5997 | D:7      | Found a runed translucent gate.
  6009 | D:7      | Found a runed translucent gate.
  6019 | D:7      | Found a runed translucent door.
  6053 | D:7      | Killed Maggie
  6054 | D:7      | Reached skill level 5 in Fighting
  6264 | D:7      | Reached XP level 10. HP: 67/76 MP: 16/16
  6344 | D:7      | Found a radiant altar of Vehumet.
  7108 | D:8      | Reached skill level 1 in Evocations
  7481 | D:8      | Reached *** piety under Qazlal
  7594 | D:8      | Reached skill level 5 in Evocations
  7870 | D:8      | Found an ornate altar of the Wu Jian Council.
  8080 | D:8      | Found a sacrificial altar of Ru.
  8081 | D:8      | Noticed Gastronok
  8416 | D:8      | Killed Gastronok
  8417 | D:8      | Gained mutation: You are mostly covered in yellow scales.
                  | (AC +3) [demonic ancestry]
  8417 | D:8      | Reached XP level 11. HP: 86/86 MP: 3/17
  8695 | D:9      | Found a basalt altar of Yredelemnul.
  8796 | D:9      | Noticed a two-headed ogre
  8804 | D:9      | Killed a two-headed ogre
  9721 | D:10     | Entered Level 10 of the Dungeon
  9765 | D:10     | Noticed a two-headed ogre
  9769 | D:10     | Killed a two-headed ogre
  9770 | D:10     | Reached skill level 10 in Invocations
  9782 | D:10     | Found Ginott's CLEARANCE SALE!.
  9807 | D:10     | Bought a wand of digging (8) for 168 gold pieces
  9807 | D:10     | Bought a scroll of identify for 10 gold pieces
  9807 | D:10     | Identified a scroll of acquirement
  9809 | D:10     | Acquired 1085 gold pieces
  9819 | D:10     | Identified the +0 robe "Suusyupt" {Harm rF+ Int+2}
  9822 | D:10     | Noticed Shake04's ghost (journeyman GrFi)
  9829 | D:10     | Found a transporter.
  9906 | D:10     | Found a flagged portal.
  9924 | Bailey   | Entered a bailey
  9968 | Bailey   | Reached **** piety under Qazlal
 10066 | Bailey   | Noticed an orc warlord
 10086 | Bailey   | Killed an orc warlord
 10588 | D:10     | Found a burning altar of Makhleb.
 10676 | D:10     | Found a staircase to the Lair.
 10717 | D:10     | Found a transporter.
 10756 | D:10     | Found Eteonti's Book Shoppe.
 10857 | D:6      | Bought the amulet of Resumed Hostilities {RegenMP rF+++
                  | Regen+ Str-2 Int-3} for 861 gold pieces
 10973 | Lair:1   | Entered Level 1 of the Lair of Beasts
 11337 | Lair:1   | Learned a level 4 spell: Animate Dead
 12028 | Lair:2   | Found a staircase to the Shoals.
 12061 | Lair:2   | Reached skill level 10 in Evocations
 12064 | Lair:2   | Gained mutation: A meltable icy envelope protects you from
                  | harm. (AC +8) [demonic ancestry]
 12064 | Lair:2   | Reached XP level 12. HP: 86/92 MP: 17/21
 12424 | Lair:2   | Noticed a catoblepas
 12440 | Lair:2   | Killed a catoblepas
 12618 | Lair:2   | Reached skill level 1 in Necromancy
 13031 | Lair:3   | Found a hole to the Spider Nest.
 13060 | Lair:3   | Noticed an eight-headed hydra
 13067 | Lair:3   | Killed an eight-headed hydra
 13068 | Lair:3   | Reached skill level 5 in Necromancy
 13945 | Lair:4   | Learned a level 3 spell: Vampiric Draining
 14308 | Lair:4   | Noticed Rupert
 14393 | Lair:4   | Paralysed by Rupert for 5 turns
 14422 | Lair:5   | Entered Level 5 of the Lair of Beasts
 14428 | Lair:5   | Noticed a four-headed hydra
 14489 | Lair:5   | Killed a four-headed hydra
 14490 | Lair:5   | Gained mutation: You regenerate magic rapidly. [demonic
                  | ancestry]
 14490 | Lair:5   | Reached XP level 13. HP: 91/98 MP: 13/22
 14496 | Lair:5   | Reached skill level 10 in Necromancy
 14541 | Lair:5   | Reached skill level 1 in Spellcasting
 14613 | Lair:5   | Reached skill level 1 in Throwing
 14776 | Lair:5   | Reached skill level 5 in Throwing
 14938 | Lair:5   | Found a viscous altar of Jiyva.
 14938 | Lair:5   | Found a staircase to the Slime Pits.
 15183 | Lair:5   | Identified the +1 rapier "Jellybane" {flame, rCorr Dex+3}
 15545 | D:6      | Bought a potion of experience for 700 gold pieces
 15545 | D:6      | Gained mutation: When hurt, damage is shared between your
                  | health and your magic reserves. [demonic ancestry]
 15545 | D:6      | Reached XP level 14. HP: 105/105 MP: 23/23
 15631 | D:11     | Reached skill level 10 in Throwing
 15982 | D:11     | Reached XP level 15. HP: 89/110 MP: 19/24
 16038 | D:11     | Noticed Erolcha
 16052 | D:11     | Killed Erolcha
 16648 | D:12     | Acquired a +0 quick blade of flaming
 16650 | D:12     | Acquired 1160 gold pieces
 16726 | D:12     | Found a staircase to the Orcish Mines.
 16735 | D:12     | Learned a level 5 spell: Agony
 16986 | D:12     | Learned a level 4 spell: Summon Lightning Spire
 17041 | D:10     | Bought a book of Vapours for 390 gold pieces
 17047 | D:10     | Learned a level 5 spell: Freezing Cloud
 17118 | Orc:1    | Entered Level 1 of the Orcish Mines
 17124 | Orc:1    | Reached ***** piety under Qazlal
 17132 | Orc:1    | Reached skill level 1 in Conjurations
 17292 | Orc:2    | Entered Level 2 of the Orcish Mines
 17339 | Orc:2    | Found a staircase to the Elven Halls.
 17356 | Orc:2    | Found a gate leading to a gauntlet.
 17369 | Gauntlet | Entered a Gauntlet
 17369 | Gauntlet | Found a transporter.
 17369 | Gauntlet | Found a transporter.
 17369 | Gauntlet | Found a transporter.
 17371 | Gauntlet | Found a transporter.
 17374 | Gauntlet | Found a transporter.
 17374 | Gauntlet | Found a transporter.
 17380 | Gauntlet | Found a transporter.
 17382 | Gauntlet | Found a transporter.
 17383 | Gauntlet | Found a transporter.
 17385 | Gauntlet | Found a transporter.
 17393 | Gauntlet | Found a transporter.
 17394 | Gauntlet | Found a transporter.
 17653 | Gauntlet | Identified the +11 demon whip of Truth {speed, Dex+3}
 17722 | Gauntlet | Identified the +8 flail "Meeps" {pain, +Blink}
 17722 | Gauntlet | Identified the +6 kite shield of Mimuq {Dex+3}
 17722 | Gauntlet | Identified the ring of Isifuum {rPois rC- rN+ Int-5 Dex+7}
 17736 | Gauntlet | Identified the +0 ring mail of Addegiloc {+Blink}
 17860 | Orc:2    | Found Ege Feiw's Weapon Emporium.
 17955 | Orc:1    | Reached skill level 5 in Conjurations
 18014 | Orc:1    | Found Jeawuola's Jewellery Shop.
 18273 | Orc:2    | Found Qemol's Assorted Antiques.
 18279 | Orc:2    | Bought a wand of roots (6) for 432 gold pieces
 18279 | Orc:2    | Bought a scroll of identify for 60 gold pieces
 18280 | Orc:2    | Bought a scroll of identify for 60 gold pieces
 18449 | Orc:2    | Found Ycvalima's Weapon Emporium.
 18482 | Orc:2    | Found Dukaafi's Antique Armour Shop.
 18484 | Orc:2    | Found Vuorraesio's Antique Weapon Boutique.
 18491 | Orc:2    | Bought a faintly glowing cloak for 332 gold pieces
 18491 | Orc:2    | Identified the +2 cloak of a Labyrinth {Str+2 Dex+5} (You
                  | bought it in a shop on level 2 of the Orcish Mines)
 18502 | Orc:2    | Bought a masterwork sling for 156 gold pieces
 18502 | Orc:2    | Identified the +5 sling "Giant's Foe" {freeze, rF+} (You
                  | bought it in a shop on level 2 of the Orcish Mines)
 19306 | D:14     | Reached ****** piety under Qazlal
 19424 | D:14     | Found an ancient bone altar of Kikubaaqudgha.
 19453 | D:14     | Identified the +6 scale mail "Muodacrui" {Str+3}
 19459 | D:14     | Reached skill level 1 in Maces & Flails
 19575 | D:14     | You are sucked into a shaft and drop 1 floor!
 19575 | D:15     | Entered Level 15 of the Dungeon
 19683 | D:14     | Got the Dissertation on the Inferno
 19702 | D:14     | Reached skill level 5 in Maces & Flails
 19704 | D:14     | Found a gate to the Vaults.
 19817 | D:14     | Found Tiuh's Antique Weapon Boutique.
 20069 | D:15     | Gained mutation: You have a pair of large antennae on your
                  | head. (SInv) [demonic ancestry]
 20069 | D:15     | Reached XP level 16. HP: 108/117 MP: 22/25
 20469 | D:15     | Found a staircase to the Depths.
 20479 | D:15     | Identified the +4 spear of Infinity {vamp, rElec rC- Will++
                  | Stlth+}
 20836 | D:5      | Killed turdburglar's ghost
 20991 | D:10     | Killed Shake04's ghost
 21003 | D:10     | Acquired 1033 gold pieces
 21081 | Shoals:1 | Entered Level 1 of the Shoals
 21174 | Shoals:1 | Found a runed translucent gate.
 21174 | Shoals:1 | Found a runed translucent gate.
 21174 | Shoals:1 | Found a runed translucent gate.
 21174 | Shoals:1 | Noticed Pyropingo's ghost (journeyman MiBe)
 21451 | Shoals:1 | Reached skill level 10 in Maces & Flails
 22337 | Shoals:2 | Noticed a kraken
 22351 | Shoals:2 | Killed a kraken
 22856 | Shoals:3 | Reached skill level 10 in Dodging
 22979 | Shoals:3 | Found a runed translucent door.
 22979 | Shoals:3 | Noticed Rem's ghost (adept OpTm)
 23662 | Shoals:3 | Killed Rem's ghost
 23672 | Shoals:3 | Got the Volume of Overcast Reconstruction
 23681 | Shoals:3 | Learned a level 2 spell: Blink
 23711 | Shoals:4 | Entered Level 4 of the Shoals
 23719 | Shoals:4 | Reached XP level 17. HP: 122/122 MP: 26/26
 23845 | Shoals:4 | Found Dublira's Book Shoppe.
 23860 | Shoals:4 | Bought a book of Party Tricks for 192 gold pieces
 23879 | Shoals:4 | Learned a level 1 spell: Apportation
 24568 | Shoals:4 | Found Sikandar's Dragon-Slaying Spoils.
 24734 | Shoals:4 | Got a barnacled rune of Zot
 24751 | Shoals:4 | Identified the staff of conjuration "Aguts" {rF+}
 25037 | Spider:1 | Entered Level 1 of the Spider Nest
 25076 | Spider:1 | Noticed Aizul
 25089 | Spider:1 | Killed Aizul
 25109 | Spider:1 | Reached skill level 15 in Invocations
 25444 | Spider:1 | Noticed Asterion
 25459 | Spider:1 | Killed Asterion
 26530 | Spider:2 | Reached skill level 15 in Throwing
 26783 | Spider:3 | Reached XP level 18. HP: 122/129 MP: 25/30
 26806 | Spider:3 | Noticed Mara
 26812 | Spider:3 | Noticed DemonspawnMonk's illusion
 26815 | Spider:3 | Noticed DemonspawnMonk's illusion
 26836 | Spider:2 | Killed Mara
 27160 | Spider:3 | Reached skill level 10 in Fighting
 27872 | Spider:4 | Entered Level 4 of the Spider Nest
 27929 | Spider:4 | Noticed Arachne
 27952 | Spider:4 | Killed Arachne
 27988 | Spider:4 | Your ally Arachne died
 28318 | Spider:4 | Reached skill level 5 in Spellcasting
 28524 | Spider:4 | Got a gossamer rune of Zot
 28834 | Lair:4   | Killed Rupert
 28958 | Lair:4   | Reached skill level 1 in Ice Magic
 29381 | Vaults:1 | Entered Level 1 of the Vaults
 29400 | Vaults:1 | Reached XP level 19. HP: 141/146 MP: 25/31
 29634 | Vaults:1 | Reached skill level 5 in Ice Magic
 29958 | Vaults:1 | Reached skill level 1 in Air Magic
 30306 | Vaults:1 | Reached skill level 5 in Air Magic
 30449 | Vaults:1 | Learned a level 3 spell: Ozocubu's Armour
 31106 | Vaults:2 | Found a crumbling gateway.
 31159 | Desolati | Entered the Desolation of Salt
 31225 | Desolati | Reached skill level 10 in Spellcasting
 32935 | Orc:2    | Bought a scroll of enchant armour for 225 gold pieces
 33133 | Vaults:3 | Found a staircase to the Crypt.
 33142 | Vaults:3 | Reached XP level 20. HP: 158/158 MP: 32/34
 33303 | Vaults:3 | Paralysed by a sphinx for 4 turns
 33810 | Vaults:3 | Noticed Zenata
 33825 | Vaults:3 | Killed Zenata
 33982 | Vaults:3 | Your ally Zenata died
 34002 | Vaults:3 | Reached skill level 10 in Air Magic
 34653 | Vaults:4 | Noticed Saint Roka
 34667 | Vaults:4 | Killed Saint Roka
 34683 | Vaults:4 | Your ally Saint Roka died
 35183 | Vaults:4 | Reached skill level 10 in Ice Magic
 35445 | Vaults:4 | Gained mutation: Your hexes are more powerful. [demonic
                  | ancestry]
 35445 | Vaults:4 | Reached XP level 21. HP: 164/164 MP: 29/35
 35911 | Vaults:4 | Reached skill level 10 in Conjurations
 35915 | Vaults:4 | Reached skill level 1 in Summonings
 36280 | D:14     | Learned a level 2 spell: Wereblood
 36465 | D:7      | Bought the Grimoire of Topomancy for 588 gold pieces
 36468 | D:7      | Learned a level 2 spell: Passwall
 36474 | D:7      | Learned a level 5 spell: Borgnjor's Vile Clutch
 36639 | Depths:1 | Entered Level 1 of the Depths
 36718 | Depths:1 | Reached skill level 5 in Summonings
 36841 | Depths:1 | Identified the +2 scale mail of the Bespelling Gods
                  | {Will++}
 36939 | Depths:1 | Found a one-way gateway to a ziggurat.
 37071 | Depths:1 | Identified the +0 robe "Hulouz" {rC+ Will+ Dex+3}
 37250 | Depths:1 | Reached skill level 10 in Summonings
 37276 | Depths:1 | Found a gateway to Hell.
 37289 | Depths:1 | Got the Catalogue of the Wind and Accompaniment
 37942 | Depths:2 | Gained mutation: A meltable icy envelope protects you from
                  | harm. (AC +8) [demonic ancestry]
 37942 | Depths:2 | Reached XP level 22. HP: 123/171 MP: 14/36
 38037 | Depths:2 | Noticed an ancient lich
 38070 | Depths:2 | Killed an ancient lich
 38176 | Depths:2 | Found Ruse's One-of-a-Kind Books.
 38529 | Depths:2 | Identified the ring of Pyfuis {rElec rC+ Int+6}
 38990 | Depths:2 | Found a one-way gate leading to the halls of Pandemonium.
 39022 | Depths:3 | Found a one-way gate to the infinite horrors of the Abyss.
 39025 | Depths:3 | Noticed a golden dragon
 39046 | Depths:3 | Killed a golden dragon
 39137 | Depths:3 | Reached skill level 15 in Dodging
 39345 | Depths:3 | Noticed a juggernaut
 39346 | Depths:3 | Found a transporter.
 39737 | Depths:3 | Found a transporter.
 39917 | Depths:4 | Entered Level 4 of the Depths
 39919 | Depths:4 | Noticed a caustic shrike
 39920 | Depths:4 | Noticed a caustic shrike
 39923 | Depths:4 | Noticed a caustic shrike
 39929 | Depths:3 | Killed a caustic shrike
 40587 | Depths:4 | Found a portal to a secret trove of treasure.
 40689 | Depths:4 | Found a gate to the Realm of Zot.
 40964 | Depths:4 | Killed a caustic shrike
 40965 | Depths:4 | Killed a caustic shrike
 41046 | Depths:4 | Reached skill level 15 in Fighting
 41154 | Depths:4 | Noticed a juggernaut
 41174 | Depths:4 | Killed a juggernaut
 41436 | Depths:4 | You paid a toll of 5 potions of resistance to enter a
                  | treasure trove
 41437 | Trove    | Entered a treasure trove
 41449 | Trove    | Identified the +3 buckler "Sutidaq" {Harm rN+ Str+2}
 41478 | Trove    | Identified the ring of Baloidiox {rF+ Will+++ Str+7}
 41498 | Trove    | Gained mutation: Your melee attacks may debilitate your
                  | foes. [demonic ancestry]
 41498 | Trove    | Reached XP level 23. HP: 182/182 MP: 37/37
 41499 | Trove    | Gained mutation: You are completely covered in yellow
                  | scales. (AC +4, rCorr) [demonic ancestry]
 41499 | Trove    | Reached XP level 24. HP: 189/189 MP: 37/37
 41730 | Elf:1    | Entered Level 1 of the Elven Halls
 41936 | Elf:1    | Reached skill level 1 in Earth Magic
 42169 | Elf:1    | Reached XP level 25. HP: 197/197 MP: 37/37
 42203 | Elf:1    | Reached skill level 1 in Translocations
 42741 | Elf:2    | Reached skill level 5 in Translocations
 42810 | Elf:2    | Found a runed translucent gate.
 42811 | Elf:2    | Found a runed translucent gate.
 42811 | Elf:2    | Found a runed translucent gate.
 43250 | Elf:2    | Noticed Nikola
 43264 | Elf:2    | Killed Nikola
 43267 | Elf:2    | Reached skill level 5 in Earth Magic
 43370 | Elf:2    | Your ally Nikola died
 43502 | Elf:3    | Entered Level 3 of the Elven Halls
 44017 | Elf:3    | Found Tut Fuurch's Weapon Emporium.
 44019 | Elf:3    | Found Essofot's Antique Armour Shoppe.
 44022 | Elf:3    | Found Atocwuc's Assorted Antiques.
 44029 | Elf:3    | Bought a potion of heal wounds for 145 gold pieces
 44029 | Elf:3    | Bought a potion of heal wounds for 145 gold pieces
 44029 | Elf:3    | Bought a potion of curing for 87 gold pieces
 44031 | Elf:3    | Bought a polished leather armour for 175 gold pieces
 44031 | Elf:3    | Identified the +1 leather armour "Gyd Laho" {rF- Str+8
                  | Int+3 Stlth+} (You bought it in a shop on level 3 of the
                  | Elven Halls)
 44254 | Elf:3    | Identified the +3 quarterstaff of the Desert {heavy,
                  | *Corrode Str+3 Int+6 SInv}
 44257 | Elf:3    | Identified the +9 whip "Trog's Outrage" {heavy, rPois
                  | Will+}
 44348 | Elf:3    | Acquired the Annotations on the Blizzard and the Autopsy
 44414 | Elf:3    | Got the Volume of Doomed Impurities
 44428 | Elf:3    | Identified the ring "Ofix" {+Blink Str+6 Int+3 Slay-5}
 44469 | Elf:3    | Identified the +9 shortbow "Egreim" {heavy, rF++ Int-5
                  | Dex+3}
 44485 | Elf:3    | Identified the ring of Qonwiywn {MP+9 Int+2 Stlth+}
 44498 | Elf:3    | Identified the +0 chain mail of Nyppofel {+Blink +Inv}
 44927 | Vaults:5 | Entered Level 5 of the Vaults
 44956 | Vaults:5 | Reached skill level 10 in Earth Magic
 45187 | Vaults:5 | Identified the ring "Gaonlesm" {Fly rPois}
 45225 | Vaults:5 | Identified the staff of death "Ziprylamiu" {rF+ rN+ Stlth+}
 45231 | Vaults:5 | Identified the +5 spear "Acarine's Death Toll" {venom,
                  | Int+2}
 45291 | Vaults:5 | Reached skill level 1 in Transmutations
 45325 | Vaults:5 | Identified the +7 rapier of War {flame, *Slow rElec rCorr
                  | Dex+5}
 45475 | Vaults:5 | Gained mutation: When low on magic, you restore magic in
                  | place of health. [demonic ancestry]
 45475 | Vaults:5 | Reached XP level 26. HP: 204/204 MP: 39/39
 45508 | Vaults:5 | Reached skill level 5 in Transmutations
 45605 | Vaults:5 | Reached skill level 1 in Ranged Weapons
 45685 | Vaults:5 | Identified the ring of Qazlal's Supremacy {rF+ Int+3}
 45740 | Vaults:5 | Reached skill level 5 in Ranged Weapons
 45947 | Vaults:5 | Identified the staff of poison "Qiodwosu" {rPois rCorr
                  | Str-3 SInv Stlth+}
 46316 | Vaults:5 | Identified the +7 shortbow of Scorn {drain, +Blink Int+3
                  | Stlth+}
 46407 | Vaults:5 | Identified the staff of cold "Ysieco" {rC+ Str+2 Int+6}
 46628 | Vaults:5 | Got a silver rune of Zot
 46723 | Vaults:5 | Got Eringya's Catalogue of Poisoning and Flesh
 47073 | Zot:1    | Entered Level 1 of the Realm of Zot
 47511 | Zot:5    | Entered Level 5 of the Realm of Zot
 47964 | Zot:5    | Noticed an orb of fire
 47968 | Zot:5    | Gained mutation: Armour fits poorly on your strangely
                  | shaped body. [an orb of fire]
 47974 | Zot:5    | Reached skill level 10 in Ranged Weapons
 47993 | Zot:5    | Killed an orb of fire
 47996 | Zot:5    | Noticed a dread lich
 48009 | Zot:5    | Killed a dread lich
 48091 | Zot:5    | Noticed a dread lich
 48092 | Zot:5    | Noticed an orb of fire
 48101 | Zot:5    | Killed a dread lich
 48102 | Zot:5    | Noticed an orb of fire
 48110 | Zot:5    | Killed an orb of fire
 48114 | Zot:5    | Killed an orb of fire
 48145 | Zot:5    | Noticed an orb of fire
 48169 | Zot:5    | Killed an orb of fire
 48208 | Zot:5    | Noticed a dread lich
 48234 | Zot:5    | Killed a dread lich
 48430 | Zot:5    | Noticed an orb of fire
 48434 | Zot:5    | Gained mutation: Your magical capacity is low. (-10% MP)
                  | [an orb of fire]
 48444 | Zot:5    | Killed an orb of fire
 48490 | Zot:5    | Noticed an ancient lich
 48515 | Zot:5    | Killed an ancient lich
 48944 | Zot:5    | Noticed an orb of fire
 48950 | Zot:5    | Gained mutation: You are frail. (-10% HP) [an orb of fire]
 48976 | Zot:5    | Gained mutation: Your body sometimes deteriorates upon
                  | taking damage. [an orb of fire]
 48990 | Zot:5    | Killed an orb of fire
 48991 | Zot:5    | Gained mutation: You are surrounded by an aura of silence.
                  | [demonic ancestry]
 48991 | Zot:5    | Reached XP level 27. HP: 133/189 MP: 28/35
 49060 | Zot:5    | Noticed an ancient lich
 49090 | Zot:5    | Killed an ancient lich
 49174 | Zot:5    | Reached skill level 15 in Ranged Weapons
 49190 | Zot:5    | Lost mutation: Armour fits poorly on your strangely shaped
                  | body. [potion of mutation]
 49190 | Zot:5    | Lost mutation: Your body sometimes deteriorates upon taking
                  | damage. [potion of mutation]
 49190 | Zot:5    | Lost mutation: You are frail. (-10% HP) [potion of
                  | mutation]
 49190 | Zot:5    | Gained mutation: You expend magic power (3 MP) to
                  | strengthen your wands. [potion of mutation]
 49190 | Zot:5    | Gained mutation: Your spells are a little easier to cast,
                  | but a little less powerful. [potion of mutation]
 49190 | Zot:5    | Gained mutation: Your flesh is cold resistant. (rC+)
                  | [potion of mutation]
 49190 | Zot:5    | Lost mutation: Your spells are a little easier to cast, but
                  | a little less powerful. [potion of mutation]
 49256 | Zot:5    | Got the Orb of Zot
 49261 | Zot:5    | Learned a level 3 spell: Swiftness
 49336 | Zot:4    | Noticed Idupsut the pandemonium lord
 49413 | Depths:3 | Noticed Gufo the pandemonium lord
 49771 | D:$      | Escaped with the Orb!

Illustrated notes

Levels and vault maps discovered:
D:1:      tarquinn_simple_flora_water_f, layout_basic, grunt_decor_fettered
D:2:      layout_basic, basic_altar
D:3:      layout_basic, nicolae_overflow_hidden_temple, lemuel_round_altar
D:4:      layout_loops_ring
D:5:      layout_basic, mainiacjoe_overflow_brackets, kennysheep_slug_shrine,
          minmay_temple_entry_tees, portal_sewer_entry_b,
          hellmonk_ghost_happy_afterlife, uniq_sigmund
D:6:      layout_rooms, nicolae_elyvilon_peaceful_grove, trog_wizard,
          nicolae_uskayaw_en_pointe, serial_shops, shop, nicolae_alphabet_shops,
          uniq_pikel
D:7:      layout_loops_cross, nicolae_vehumet_altar_sigil,
          grunt_decor_resistance, nicolae_elemental_shop,
          minmay_guarded_unrand_staff_of_olgreb, uniq_joseph, uniq_maggie
D:8:      layout_basic, kennysheep_little_box, mainiacjoe_overflow_alcove_2,
          grunt_ministairs_2, uniq_gastronok
D:9:      layout_cave_pods, yredelemnul_altar_generic, serial_co_window_serial,
          co_window_paths_a, co_window_corner_a, co_window_paths_a,
          co_window_cross_1, co_window_of_opportunity_a, co_window_2corner,
          co_window_broadway_c, co_window_corner_b, co_window_corner_b,
          co_window_broadway_a, co_window_sun, glass_columns_a, glass_columns_b,
          glass_columns_a
D:10:     layout_basic, mainiacjoe_overflow_six_doors_small, zin_statuary,
          lair_entry_dummy, gammafunk_ghost_stat_death, enter_bailey_5,
          serial_curves, eino_curves_04, eino_curves_01, eino_curves_01,
          serial_shops, shop, nicolae_shop_clearance
D:11:     lemuel_ogre_cave, layout_gridville
D:12:     nicolae_cairo_tiling_very_big, layout_loops_cross
D:13:     layout_roguey
D:14:     kennysheep_room_grid, layout_rooms, david_vaults_2,
          nicolae_kikubaaqudgha_miasma_corner, serial_shops, shop
D:15:     gammafunk_depths_entry_grave, layout_rooms, small_statue_intersection,
          serial_demonic, serial_demonic_d, serial_demonic_a, serial_demonic_e,
          serial_demonic_g
Lair:1:   layout_layer_cave, grunt_megastairs_1, lemuel_fruit_fields
Lair:2:   layout_cave_pods, elwin_shoals_entry_rocks, st_stairs_13
Lair:3:   layout_cave_pods, spider_nest_entry_web_field, pond
Lair:4:   layout_regular_city, nicolae_lair_lakeside_cave, uniq_rupert
Lair:5:   gammafunk_lair_ancient_temple, layout_misc_corridors,
          dpeg_slime_entry_enclosed, st_stairs_13
Shoals:1: layout_shoals, ebering_ghost_rock_garden, ldierk_geyser
Shoals:2: layout_shoals, nicolae_shoals_lost_giant_amphitheater
Shoals:3: layout_shoals, ebering_ghost_reflecting_pool
Shoals:4: shoals_end_simple, layout_shoals, serial_shops, shop,
          nicolae_shop_dragon_depot
Spider:1: layout_spider_delve, einodemon_crawler_minivault, uniq_aizul,
          uniq_asterion
Spider:2: layout_spider_delve
Spider:3: nicolae_spider_hilbert_zone_7 [nicolae_spider_hilbert_4_sides_1_open,
          nicolae_spider_hilbert_4_sides_1_open,
          nicolae_spider_hilbert_4_sides_1_open,
          nicolae_spider_hilbert_4_sides_1_open,
          nicolae_spider_hilbert_3_sides_1_open,
          nicolae_spider_hilbert_3_sides_1_open,
          nicolae_spider_hilbert_3_sides_1_open,
          nicolae_spider_hilbert_3_sides_1_open,
          nicolae_spider_hilbert_4_sides_1_open,
          nicolae_spider_hilbert_4_sides_1_open,
          nicolae_spider_hilbert_4_sides_1_open,
          nicolae_spider_hilbert_2_sides_1_open,
          nicolae_spider_hilbert_2_sides_1_open,
          nicolae_spider_hilbert_2_sides_1_open,
          nicolae_spider_hilbert_2_sides_1_open,
          nicolae_spider_hilbert_2_sides_1_open,
          nicolae_spider_hilbert_2_sides_1_open], uniq_mara
Spider:4: spider_rune_water, uniq_arachne
Orc:1:    layout_caves, serial_shops, nicolae_shop_peninsula
Orc:2:    grunt_orc_community_town_hall, layout_caves,
          grunt_orc_community_big_house_2, grunt_orc_community_big_house_1,
          grunt_orc_community_house_1, grunt_orc_community_house_1,
          grunt_orc_community_house_3, grunt_orc_community_house_2,
          grunt_orc_community_house_2, basic_altar, serial_shops,
          nicolae_shop_behind_doors, gauntlet_entry_generic
Elf:1:    eino_elf_arrival_sip, layout_loops_cross, evilmike_minifort,
          grunt_ministairs_7, minivault_15
Elf:2:    nicolae_elf_blades_crystal_corner, layout_onion_city, uniq_nikola
Elf:3:    elf_hall, layout_rooms, special_room [special_room_orc], hex_large,
          minmay_shop_star
Vaults:1: ontoclasm_vaults_ring_square, nicolae_vaults_mini_display_case,
          vaults_standard_mumra_x, vaults_standard_mumra_lines, v_alt_pattern_4,
          nicolae_vaults_little_ls, nicolae_vaults_stepped_doors, v_pattern_2,
          hangedman_vaults_nails, nicolae_vaults_house_1,
          layout_vaults_omnicross
Vaults:2: portal_desolation_entry_ruin, hangedman_vaults_nails, v_misc_12,
          nicolae_vaults_wrenched, nicolae_vaults_tetromino_T_2,
          vaults_room_pools, v_misc_29, v_misc_24, vaults_room_door_ring,
          v_misc_23, v_rooms_6, nicolae_vaults_little_squares_1,
          nicolae_vaults_six-pack, layout_vaults_omnibox
Vaults:3: nicolae_vaults_closet_pinwheel_5, nicolae_vaults_closet_pinwheel_1,
          ontoclasm_vaults_spin, nicolae_vaults_storage_room_glass,
          hangedman_vaults_capsules, nicolae_vaults_ninety_degrees,
          vaults_room_boxed, ontoclasm_vaults_loading_screen,
          vaults_room_semicircle, nicolae_vaults_diamond_1,
          nicolae_vaults_tetromino_L_1, vaults_dpeg_hooks,
          vaults_dpeg_emergency_exit, layout_vaults_chaotic_city, uniq_zenata
Vaults:4: nicolae_vaults_disjoint_gnomons, hangedman_vaults_locks,
          nicolae_vaults_display_case, vaults_room_fancy_cross,
          dpeg_vaults_monster_box, v_misc_18, layout_vaults_omnigrid,
          uniq_saint_roka
Vaults:5
Depths:1: layout_cave_pools, enter_ziggurat_b, hellmouth_2, serial_rivers,
          chequers_serial_rivers_micro_b, chequers_serial_rivers_marsh,
          chequers_serial_rivers_micro_d, chequers_serial_rivers_room_a,
          chequers_serial_rivers_small_3, chequers_serial_rivers_room_a,
          chequers_serial_rivers_small_a, hallowed_hall
Depths:2: minmay_tri_stars, layout_honeycomb, hell_entry,
          rand_demon_pan_entry_9, nicolae_rare_books,
          infiniplex_staircase_zigzag_2
Depths:3: gammafunk_the_bubble [the_bubble_gammafunk_split], layout_basic,
          pf_dread_powers_of_hell, serial_co_window_serial, co_window_paths_b,
          co_window_paths_b, co_window_cross_1, co_window_paths_a,
          co_window_of_opportunity_a, co_window_broadway_b, co_window_corner_cb,
          co_window_of_opportunity_b, co_window_4corner_a, glass_columns_b,
          glass_columns_a, glass_columns_a, glass_columns_b, abyss_entry,
          minmay_tree_intersection, dreamdust_looks_like_rain
Depths:4: evilmike_zot_entry_argh, layout_gridlike, hangedman_glass_teeth,
          hell_entry, nicolae_trove_entry_crystal, nicolae_figureground_sparkle
Zot:1:    layout_concentric_octagons, st_stairs_11
Zot:2:    layout_twisted_circle, lemuel_elevator, uniq_vv
Zot:3:    layout_gridlike
Zot:4:    layout_twisted_circle, zot_minivault_6
Zot:5:    layout_gridlike

Skill      XL: |  1  2  3  4  5  6  7  8  9 10 11 12 13 14 15 16 17 18 19 20 21 22 23 24 25 26 27 |
---------------+----------------------------------------------------------------------------------+-----
Long Blades    | 3 4 |  4.1
Invocations    | 2 4 6 8 9 12 16 | 16.0
Short Blades   | 1 5 7 |  7.4
Dodging        | 4 8 9 11 12 13 16 | 16.0
Fighting       | 5 8 12 13 15 16 | 16.0
Evocations     | 6 10 12 | 12.0
Necromancy     | 9 10 | 10.0
Spellcasting   | 4 8 10 12 | 12.0
Throwing       | 9 10 12 15 16 | 16.0
Conjurations   | 6 8 10 | 10.0
Maces & Flails | 6 12 | 12.0
Ice Magic      | 3 6 10 | 10.0
Air Magic      | 6 10 | 10.0
Summonings     | 10 | 10.0
Staves         | 4 6 |  6.4
Earth Magic    | 3 10 | 10.0
Translocations | 6 |  6.0
Transmutations | 4 6 |  6.0
Ranged Weapons | 13 15 | 15.4

Action                     |  1- 3 |  4- 6 |  7- 9 | 10-12 | 13-15 | 16-18 | 19-21 | 22-24 | 25-27 || total
---------------------------+-------+-------+-------+-------+-------+-------+-------+-------+-------++-------
  Melee: Falchion          |    46 |     9 |     4 |       |       |       |       |       |       ||    59
         Hand axe          |       |    29 |       |       |       |       |       |       |       ||    29
         Dagger            |       |     9 |   373 |    98 |       |       |       |       |       ||   480
         Staff             |       |       |       |   337 |   550 |   802 |   830 |   364 |   858 ||  3741
         Demon whip        |       |       |       |       |       |   131 |    24 |    12 |   120 ||   287
         Punch             |       |       |       |       |       |       |     4 |     8 |    16 ||    28
   Fire: Sling             |    93 |    17 |     7 |     1 |       |       |       |       |       ||   118
         Arbalest          |       |       |       |       |       |       |       |       |    72 ||    72
  Throw: Javelin           |       |       |       |       |     1 |       |    36 |     2 |    79 ||   118
         Dart              |       |       |       |       |     1 |       |       |       |       ||     1
         Boomerang         |       |       |       |       |       |   154 |   331 |    94 |    95 ||   674
   Cast: Animate Dead      |       |       |       |     4 |    15 |    48 |    31 |    13 |    31 ||   142
         Blink             |       |       |       |       |       |       |     6 |     1 |     2 ||     9
         Freezing Cloud    |       |       |       |       |       |       |    29 |    27 |    79 ||   135
         Vampiric Draining |       |       |       |       |       |       |     3 |       |       ||     3
         Summon Lightning  |       |       |       |       |       |       |     5 |     5 |     1 ||    11
         Ozocubu's Armour  |       |       |       |       |       |       |     3 |     1 |       ||     4
         Apportation       |       |       |       |       |       |       |     6 |     7 |    18 ||    31
         Borgnjor's Vile C |       |       |       |       |       |       |       |       |    30 ||    30
         Wereblood         |       |       |       |       |       |       |       |       |     6 ||     6
         Passwall          |       |       |       |       |       |       |       |       |    10 ||    10
         Swiftness         |       |       |       |       |       |       |       |       |     1 ||     1
 Invoke: Upheaval          |       |     3 |    10 |    20 |    20 |    43 |    49 |    22 |    37 ||   204
         Disaster Area     |       |       |       |       |       |       |     2 |       |       ||     2
Ability: Evoke the Staff o |       |       |       |    43 |    24 |    78 |    29 |     9 |     4 ||   187
  Evoke: Wand              |       |       |       |     2 |       |       |     1 |       |     3 ||     6
         Lightning rod     |       |       |       |       |     4 |     8 |     4 |     3 |       ||    19
    Use: Scroll            |       |       |    16 |    13 |     9 |     7 |    12 |     4 |    24 ||    85
         Potion            |       |       |       |       |     1 |     2 |     8 |     3 |     7 ||    21
   Stab: Petrified         |       |       |       |     2 |     3 |       |       |       |       ||     5
         Distracted        |       |       |       |     1 |     4 |    11 |    12 |     5 |     8 ||    41
         Petrifying        |       |       |       |       |     1 |       |       |       |       ||     1
 Armour: Ring mail         |    26 |     9 |    46 |       |       |       |       |       |       ||    81
         Steam dragon scal |       |       |    15 |    92 |   177 |   232 |    65 |       |       ||   581
         Troll leather arm |       |       |       |       |       |       |   156 |   109 |   253 ||   518
  Dodge: Dodged            |    44 |    29 |   138 |   308 |   469 |  1159 |   821 |   416 |   713 ||  4097
         Repelled          |       |       |       |       |     4 |     6 |    14 |     8 |    16 ||    48
  Block: Orb               |    11 |    18 |    81 |   159 |   335 |   591 |   347 |    26 |   177 ||  1745
         Other             |       |       |       |       |       |       |    61 |   148 |   222 ||   431
